Wolfpack vs Phantoms
Created - March 25, 2024 at 19:04
Goals
|
| Wolfpack |
0 |
2 |
0 |
2 |
| Phantoms |
2 |
0 |
1 |
3 |
|
Shots
|
| Wolfpack |
9 |
16 |
6 |
31 |
| Phantoms |
9 |
10 |
13 |
32 |
|
1st period
1. Phantoms , David Kampf 14 (Victor Berglund 7) at 12:27
2. Phantoms , Sven Andrighetto 18 (Morgan Klimchuk 58, Lucas Wallmarkk 37) at 12:51 (PP)
Penalties :
Stefan Noesen (Har) for Slashing (Minor) at 12:34, Matt Kiersted (Leh) for Hooking (Minor) at 14:01
2nd period
3. Wolfpack , Connor Chatam 22 (Ryan Culkin 27, Dryden Hunt 16) at 6:27
4. Wolfpack , Derrick Pouliot 2 (Casey Mittelstadt 43, Steven Santini 44) at 8:25 (PP)
Penalties :
Alexander Barabanov (Har) for Hooking (Minor) at 3:19, David Pope (Har) for Roughing (Minor) at 3:49, A.J. Greer (Leh) for High sticking (Double Minor) at 7:18, Erik Nystrom (Leh) for High sticking (Minor) at 14:23
3rd period
5. Phantoms , David Kampf 15 (Victor Berglund 8) at 18:45
Penalties :
Yegor Korshkov (Har) for Hooking (Minor) at 2:05, Ryan Culkin (Har) for Hooking (Minor) at 15:22
Goalie Stats
Eric Comrie (Har), 29 saves from 32 shots - (0.906), L, 24-13-5, 59:19 minutes
Anton Forsberg (Leh), 29 saves from 31 shots - (0.935), W, 30-23-2, 60:00 minutes
Players Stats for Wolfpack
Player Name G A P +/- PIM S H SB GA TA FO MP PP MP PK MP
------------------------------------------------------------------------------------
Alex Barre-Boulet 0 0 0 1 0 0 0 0 0 0 5/5 9:36 0:26 0:00
Alexander Barabanov 0 0 0 -1 2 3 1 0 0 0 0/0 11:47 2:30 0:02
Cale Fleury 0 0 0 -1 0 0 0 0 0 1 0/0 13:22 0:00 0:48
Casey Mittelstadt 0 1 1 0 0 0 1 2 0 0 13/28 18:57 4:08 0:00
Colton White 0 0 0 0 0 1 0 0 0 0 0/0 19:31 2:44 2:21
Connor Chatam 1 0 1 1 0 3 0 0 1 0 0/0 9:36 0:14 0:41
David Pope 0 0 0 0 2 4 0 1 4 1 0/1 23:21 4:07 3:07
Derrick Pouliot 1 0 1 0 0 3 1 4 0 0 0/0 28:02 4:20 4:23
Dryden Hunt 0 1 1 1 0 3 3 0 2 3 2/2 13:04 0:39 0:52
Jake Marchment 0 0 0 -1 0 0 1 0 0 0 2/3 7:15 0:00 0:00
K'Andre Miller 0 0 0 -1 0 0 1 0 0 0 0/0 12:27 0:00 0:00
Nolan Patrick 0 0 0 -1 0 1 4 0 1 1 7/12 17:14 2:30 0:24
Owen Tippet 0 0 0 -1 0 4 0 1 1 0 2/4 11:09 0:00 2:25
Ryan Culkin 0 1 1 0 2 3 2 0 0 1 0/0 18:42 2:44 1:33
Sebastian Collberg 0 0 0 -1 0 1 1 0 1 0 0/0 17:38 2:30 0:41
Stefan Noesen 0 0 0 0 2 2 3 0 3 1 5/12 23:49 4:08 3:46
Steven Santini 0 1 1 0 0 2 2 3 0 1 0/0 28:02 4:20 4:23
Yegor Korshkov 0 0 0 -1 2 1 0 0 0 0 0/0 8:10 0:00 0:00
Players Stats for Phantoms
Player Name G A P +/- PIM S H SB GA TA FO MP PP MP PK MP
------------------------------------------------------------------------------------
A.J. Greer 0 0 0 0 4 0 5 0 1 1 0/0 15:30 0:00 1:29
Anthony Angello 0 0 0 0 0 0 0 0 0 0 0/0 3:57 0:00 0:55
Benoit-Olivier Groulx 0 0 0 0 0 0 0 0 0 0 0/0 0:00 0:00 0:00
Brett Murray 0 0 0 1 0 0 1 0 0 0 0/0 6:21 0:00 0:00
Cooper Marody 0 0 0 0 0 0 0 0 0 0 0/0 0:00 0:00 0:00
Cristoval Nieves 0 0 0 0 0 0 1 1 0 0 3/8 10:32 0:00 0:00
David Gustafsson 0 0 0 0 0 0 0 0 0 0 0/0 0:00 0:00 0:00
David Kampf 2 0 2 1 0 2 2 0 0 0 3/7 13:17 0:00 0:00
Erik Nystrom 0 0 0 0 2 0 1 0 1 1 0/0 15:24 2:46 0:40
Fabian Zetterlund 0 0 0 0 0 0 0 0 0 0 0/0 0:11 0:00 0:11
Joe Snively 0 0 0 0 0 1 3 0 0 1 3/11 16:32 2:46 1:51
Josiah Slavin 0 0 0 0 0 0 0 0 0 0 1/1 1:54 0:00 1:33
Laurent Dauphin 0 0 0 0 0 0 0 0 0 0 0/0 0:39 0:00 0:00
Lucas Wallmarkk 0 1 1 0 0 6 3 0 1 1 17/30 22:13 3:58 1:40
Matt Kiersted 0 0 0 -1 2 1 5 1 0 2 0/0 26:56 4:06 2:50
Mikko Lehtonen 0 0 0 0 0 0 0 1 0 0 0/0 1:43 0:00 0:00
Morgan Klimchuk 0 1 1 0 0 5 0 1 3 0 0/1 24:22 3:58 3:21
Nick Sorensen 0 0 0 0 0 0 0 0 2 0 0/0 10:32 0:00 0:00
Oliver Wahlstrom 0 0 0 1 0 0 0 0 0 0 0/0 6:21 0:00 0:00
Rem Pitlick 0 0 0 0 0 4 2 0 1 0 1/2 14:41 2:46 0:00
Riley Stillman 0 0 0 1 0 4 1 1 0 2 0/0 25:29 2:38 4:03
Sven Andrighetto 1 0 1 0 0 7 0 1 0 0 3/7 24:22 3:58 3:21
Ty Smith 0 0 0 0 0 0 1 2 0 2 0/0 27:24 3:16 2:24
Victor Berglund 0 2 2 2 0 2 3 2 0 3 0/0 24:33 3:28 3:58
3 Stars
1 - David Kampf (Leh)
2 - Victor Berglund (Leh)
3 - Derrick Pouliot (Har)
Power Play
Wolfpack - 1 on 4 Attempt(s) - 25.00%
Phantoms - 1 on 5 Attempt(s) - 20.00%
Penalty Kill
Wolfpack - 4 on 5 Attempt(s) - 80.00%
- Score 0 goal in Penalty Kill
Phantoms - 3 on 4 Attempt(s) - 75.00%
- Score 0 goal in Penalty Kill
Team Stat
Wolfpack - Hits : 20 - Faceoff Wins : 36 - Blocked Shots : 11 - Penalty Minutes : 10
Phantoms - Hits : 28 - Faceoff Wins : 31 - Blocked Shots : 10 - Penalty Minutes : 8
Official
Referees : Brandon Blandina and Trevor Hanson
Linesman : David Brisebois and Matt MacPherson
Game Notes
Mikko Lehtonen is injured at 3:26 of 1st period (Right Foot)
Alexander Barabanov is injured at 15:58 of 2nd period (Upper Body)
Finance
Level 1 -- Attendance: 1957 (97.85%) -- Ticket Income $136,990
Level 2 -- Attendance: 1000 (100.00%) -- Ticket Income $40,000
Total Attendance: 2957 (98.57%)
Total Ticket Income: $176,990
Other Income: $8,850
Total Income: $185,840
Wolfpack
5 vs 5 Forward
Center Left Wing Right Wing Time % Phy DF OF
1 Casey Mittelstadt David Pope Stefan Noesen 40 1 2 2
2 Nolan Patrick Alexander Barabanov Sebastian Collberg 30 1 2 2
3 Alex Barre-Boulet Dryden Hunt Connor Chatam 20 1 2 2
4 Jake Marchment Yegor Korshkov Owen Tippet 10 1 2 2
5 vs 5 Defense
Defense Defense Time % Phy DF OF
1 Derrick Pouliot Steven Santini 40 1 2 2
2 Ryan Culkin Colton White 30 1 2 2
3 K'Andre Miller Cale Fleury 20 1 2 2
4 Derrick Pouliot Steven Santini 10 1 2 2
PowerPlay Forward
Center Left Wing Right Wing Time % Phy DF OF
1 Casey Mittelstadt David Pope Stefan Noesen 60 1 2 2
2 Nolan Patrick Alexander Barabanov Sebastian Collberg 40 1 2 2
PowerPlay Defense
Defense Defense Time % Phy DF OF
1 Derrick Pouliot Steven Santini 60 1 2 2
2 Ryan Culkin Colton White 40 1 2 2
Penalty Kill 4 Players Forward
Center Wing Time % Phy DF OF
1 Stefan Noesen David Pope 60 1 2 2
2 Sebastian Collberg Connor Chatam 40 1 2 2
Penalty Kill 4 Players Defense
Defense Defense Time % Phy DF OF
1 Derrick Pouliot Steven Santini 60 1 2 2
2 Ryan Culkin Colton White 40 1 2 2
Penalty Kill - 3 Players Forward
Forward Time % Phy DF OF
1 Stefan Noesen 60 1 2 2
2 David Pope 40 1 2 2
Penalty Kill - 3 Players Defense
Defense Defense Time % Phy DF OF
1 Derrick Pouliot Steven Santini 60 1 2 2
2 Ryan Culkin Colton White 40 1 2 2
4 vs 4 Forward
Center Wing Time % Phy DF OF
1 Stefan Noesen David Pope 60 1 2 2
2 Sebastian Collberg Connor Chatam 40 1 2 2
4 vs 4 Defense
Defense Defense Time % Phy DF OF
1 Derrick Pouliot Steven Santini 60 1 2 2
2 Ryan Culkin Colton White 40 1 2 2
Last Minutes Offensive
Center Left Wing Right Wing Defense Defense
Casey Mittelstadt David Pope Stefan Noesen Derrick Pouliot Steven Santini
Last Minutes Defensive
Center Left Wing Right Wing Defense Defense
Casey Mittelstadt David Pope Stefan Noesen Derrick Pouliot Steven Santini
Goaltenders
Starting : Eric Comrie
Backup : Mike Condon
Extra Forwards
Normal : Dryden Hunt, Alex Barre-Boulet, Owen Tippet - PP : Dryden Hunt, Alex Barre-Boulet - PK : Owen Tippet
Extra Defensemen
Normal : K'Andre Miller, Cale Fleury, Ryan Culkin - PP : K'Andre Miller - PK : Cale Fleury, Ryan Culkin
Penalty Shots
Stefan Noesen, David Pope, Sebastian Collberg, Connor Chatam, Casey Mittelstadt
Custom OT Lines Forwards
Stefan Noesen, David Pope, Sebastian Collberg, Connor Chatam, Casey Mittelstadt, Alexander Barabanov, Nolan Patrick, Dryden Hunt, Alex Barre-Boulet, Owen Tippet
Custom OT Lines Defensemen
Derrick Pouliot, Steven Santini, Ryan Culkin, Colton White, K'Andre Miller
Scratches
Ryan Poehling (Healthy), Mason Shaw (Healthy), Samuel Houde (Healthy), Dylan Samberg (Healthy), Joshua Jacobs (Healthy)
Mikhail Vorobyev (Healthy), Will Borgen (Healthy), Andrew Peeke (Healthy), Dante Fabbro (Healthy), Jeffrey Viel (Healthy)
Linus Sandin (Healthy), Alexander Volkov (Healthy), Jack Drury (Healthy), Jakub Lauko (Healthy), Martin Kaut (Healthy)
Mathias Laferriere (Healthy), Samuel Ersson (Healthy), Jake Paterson (Healthy)
Phantoms
5 vs 5 Forward
Center Left Wing Right Wing Time % Phy DF OF
1 Lucas Wallmarkk Morgan Klimchuk Sven Andrighetto 40 1 2 2
2 Joe Snively Erik Nystrom Rem Pitlick 30 1 2 2
3 Cristoval Nieves A.J. Greer Nick Sorensen 20 1 2 2
4 David Kampf Brett Murray Oliver Wahlstrom 10 1 2 2
5 vs 5 Defense
Defense Defense Time % Phy DF OF
1 Mikko Lehtonen Matt Kiersted 40 1 2 2
2 Riley Stillman Victor Berglund 30 1 2 2
3 Ty Smith David Kampf 20 1 2 2
4 Mikko Lehtonen Matt Kiersted 10 1 2 2
PowerPlay Forward
Center Left Wing Right Wing Time % Phy DF OF
1 Lucas Wallmarkk Morgan Klimchuk Sven Andrighetto 60 1 2 2
2 Joe Snively Erik Nystrom Rem Pitlick 40 1 2 2
PowerPlay Defense
Defense Defense Time % Phy DF OF
1 Mikko Lehtonen Matt Kiersted 60 1 2 2
2 Riley Stillman Victor Berglund 40 1 2 2
Penalty Kill 4 Players Forward
Center Wing Time % Phy DF OF
1 Sven Andrighetto Morgan Klimchuk 60 1 2 2
2 Lucas Wallmarkk Joe Snively 40 1 2 2
Penalty Kill 4 Players Defense
Defense Defense Time % Phy DF OF
1 Mikko Lehtonen Matt Kiersted 60 1 2 2
2 Riley Stillman Victor Berglund 40 1 2 2
Penalty Kill - 3 Players Forward
Forward Time % Phy DF OF
1 Sven Andrighetto 60 1 2 2
2 Morgan Klimchuk 40 1 2 2
Penalty Kill - 3 Players Defense
Defense Defense Time % Phy DF OF
1 Mikko Lehtonen Matt Kiersted 60 1 2 2
2 Riley Stillman Victor Berglund 40 1 2 2
4 vs 4 Forward
Center Wing Time % Phy DF OF
1 Sven Andrighetto Morgan Klimchuk 60 1 2 2
2 Lucas Wallmarkk Joe Snively 40 1 2 2
4 vs 4 Defense
Defense Defense Time % Phy DF OF
1 Mikko Lehtonen Matt Kiersted 60 1 2 2
2 Riley Stillman Victor Berglund 40 1 2 2
Last Minutes Offensive
Center Left Wing Right Wing Defense Defense
Lucas Wallmarkk Morgan Klimchuk Sven Andrighetto Mikko Lehtonen Matt Kiersted
Last Minutes Defensive
Center Left Wing Right Wing Defense Defense
Lucas Wallmarkk Morgan Klimchuk Sven Andrighetto Mikko Lehtonen Matt Kiersted
Goaltenders
Starting : Anton Forsberg
Backup : Zachary Fucale
Extra Forwards
Normal : Laurent Dauphin, Anthony Angello, Josiah Slavin - PP : Laurent Dauphin, Anthony Angello - PK : Josiah Slavin
Extra Defensemen
Normal : Ty Smith, Riley Stillman, Victor Berglund - PP : Ty Smith - PK : Riley Stillman, Victor Berglund
Penalty Shots
Sven Andrighetto, Morgan Klimchuk, Lucas Wallmarkk, Joe Snively, Cristoval Nieves
Custom OT Lines Forwards
Sven Andrighetto, Morgan Klimchuk, Lucas Wallmarkk, Joe Snively, Cristoval Nieves, David Kampf, Rem Pitlick, Erik Nystrom, Nick Sorensen, Laurent Dauphin
Custom OT Lines Defensemen
Mikko Lehtonen, Matt Kiersted, Riley Stillman, Victor Berglund, Ty Smith
Scratches
Jacob Ingham (Healthy), Zachary Sawchenko (Healthy), Kevin Lankinen (Healthy)
% Time on Ice - Wolfpack
Lines # - Real PCT - Wanted PCT - Time Play
Normal Forward
1 - 33% - 40% - 14:42
2 - 32% - 30% - 14:27
3 - 19% - 20% - 8:34
4 - 16% - 10% - 7:15
Normal Defense
1 - 37% - 40% - 16:45
2 - 32% - 30% - 14:26
3 - 28% - 20% - 12:27
4 - 3% - 10% - 1:20
PP Forward
1 - 65% - 60% - 4:34
2 - 35% - 40% - 2:30
PP Defense
1 - 61% - 60% - 4:20
2 - 39% - 40% - 2:44
PK Forward
1 - 86% - 60% - 4:32
2 - 14% - 40% - 0:43
PK Defense
1 - 69% - 60% - 3:38
2 - 31% - 40% - 1:37
PK3 Forward
1 - 63% - 60% - 0:56
2 - 37% - 40% - 0:33
PK3 Defense
1 - 51% - 60% - 0:45
2 - 49% - 40% - 0:44
44 Forward
1 - 0% - 60%
2 - 0% - 40%
44 Defense
1 - 0% - 60%
2 - 0% - 40%
Last Minute Offensive - 1:14
Last Minute Defensive - 0:00
Total
Forward - 60:00
Defense - 60:00
|
% Time on Ice - Phantoms
Lines # - Real PCT - Wanted PCT - Time Play
Normal Forward
1 - 36% - 40% - 16:10
2 - 27% - 30% - 11:55
3 - 23% - 20% - 10:32
4 - 14% - 10% - 6:21
Normal Defense
1 - 47% - 40% - 21:19
2 - 24% - 30% - 11:01
3 - 18% - 20% - 8:03
4 - 10% - 10% - 4:35
PP Forward
1 - 59% - 60% - 3:58
2 - 41% - 40% - 2:46
PP Defense
1 - 70% - 60% - 4:43
2 - 30% - 40% - 2:01
PK Forward
1 - 74% - 60% - 5:13
2 - 26% - 40% - 1:51
PK Defense
1 - 79% - 60% - 5:37
2 - 21% - 40% - 1:27
PK3 Forward
1 - 0% - 60%
2 - 0% - 40%
PK3 Defense
1 - 0% - 60%
2 - 0% - 40%
44 Forward
1 - 0% - 60%
2 - 0% - 40%
44 Defense
1 - 0% - 60%
2 - 0% - 40%
Last Minute Offensive - 0:00
Last Minute Defensive - 1:14
Total
Forward - 60:00
Defense - 60:00
|
Play-by-Play
1st period
0:01 of 1st period - Sven Andrighetto wins face-off versus Casey Mittelstadt in neutral zone.
0:44 of 1st period - Off-side.
0:45 of 1st period - Alex Barre-Boulet wins face-off versus Cristoval Nieves in neutral zone.
1:19 of 1st period - Snap shot by Owen Tippet.
1:19 of 1st period - Stopped by Anton Forsberg with a rebound.
1:26 of 1st period - Icing by Ty Smith.
1:27 of 1st period - Casey Mittelstadt wins face-off versus Joe Snively in Phantoms zone.
1:30 of 1st period - Wrist shot by David Pope.
1:30 of 1st period - Shot Misses the Net.
1:52 of 1st period - Sven Andrighetto is hit by Nolan Patrick and loses puck.
2:17 of 1st period - Slapshot by Dryden Hunt.
2:17 of 1st period - Stopped by Anton Forsberg without a rebound.
2:18 of 1st period - Alex Barre-Boulet wins face-off versus Joe Snively in Phantoms zone.
3:12 of 1st period - Slapshot by Dryden Hunt.
3:12 of 1st period - Shot Misses the Net.
3:18 of 1st period - Wrist shot by Connor Chatam.
3:18 of 1st period - Stopped by Anton Forsberg with a rebound.
3:20 of 1st period - Slapshot by K'Andre Miller.
3:20 of 1st period - Shot Misses the Net.
3:22 of 1st period - Slapshot by Connor Chatam.
3:22 of 1st period - Shot Blocked by Sven Andrighetto.
3:24 of 1st period - Snap shot by K'Andre Miller.
3:24 of 1st period - Shot Misses the Net.
3:26 of 1st period - Slapshot by K'Andre Miller.
3:26 of 1st period - Shot Blocked by Mikko Lehtonen.
3:26 of 1st period - Mikko Lehtonen from Phantoms is injured at 3:26 of 1st period (Right Foot).
3:27 of 1st period - David Kampf wins face-off versus Casey Mittelstadt in Phantoms zone.
3:57 of 1st period - Erik Nystrom is hit by Nolan Patrick and loses puck.
4:18 of 1st period - Ryan Culkin is hit by Victor Berglund and loses puck.
4:59 of 1st period - Wrist shot by Alexander Barabanov.
4:59 of 1st period - Stopped by Anton Forsberg without a rebound.
5:00 of 1st period - Nolan Patrick wins face-off versus David Kampf in Phantoms zone.
5:01 of 1st period - Wrist shot by Sebastian Collberg.
5:01 of 1st period - Shot Misses the Net.
5:03 of 1st period - Wrist shot by Derrick Pouliot.
5:03 of 1st period - Stopped by Anton Forsberg with a rebound.
5:54 of 1st period - Wrist shot by Owen Tippet.
5:54 of 1st period - Shot Blocked by Victor Berglund.
6:08 of 1st period - Slapshot by Lucas Wallmarkk.
6:08 of 1st period - Stopped by Eric Comrie without a rebound.
6:09 of 1st period - Casey Mittelstadt wins face-off versus Lucas Wallmarkk in Wolfpack zone.
6:34 of 1st period - Rem Pitlick is hit by Nolan Patrick and loses puck.
6:39 of 1st period - Snap shot by Alexander Barabanov.
6:39 of 1st period - Stopped by Anton Forsberg without a rebound.
6:40 of 1st period - Joe Snively wins face-off versus Casey Mittelstadt in Phantoms zone.
6:46 of 1st period - Wrist shot by Ty Smith.
6:46 of 1st period - Shot Blocked by Derrick Pouliot.
6:52 of 1st period - Wrist shot by Joe Snively.
6:52 of 1st period - Shot Blocked by Steven Santini.
6:54 of 1st period - Snap shot by Ty Smith.
6:54 of 1st period - Deflect By Rem Pitlick.
6:54 of 1st period - Shot Blocked by Casey Mittelstadt.
6:54 of 1st period - Puck is out of play.
6:55 of 1st period - Nolan Patrick wins face-off versus Lucas Wallmarkk in Wolfpack zone.
7:10 of 1st period - Wrist shot by Lucas Wallmarkk.
7:10 of 1st period - Stopped by Eric Comrie with a rebound.
7:22 of 1st period - Riley Stillman is hit by Stefan Noesen and loses puck.
7:49 of 1st period - Snap shot by Joe Snively.
7:49 of 1st period - Shot Blocked by Owen Tippet.
7:51 of 1st period - Slapshot by Riley Stillman.
7:51 of 1st period - Stopped by Eric Comrie without a rebound.
7:52 of 1st period - Lucas Wallmarkk wins face-off versus Casey Mittelstadt in Wolfpack zone.
7:53 of 1st period - Snap shot by Morgan Klimchuk.
7:53 of 1st period - Shot Misses the Net.
7:58 of 1st period - Off-side.
7:59 of 1st period - Stefan Noesen wins face-off versus Lucas Wallmarkk in neutral zone.
8:32 of 1st period - Snap shot by Joe Snively.
8:32 of 1st period - Shot Misses the Net.
8:47 of 1st period - Slapshot by Steven Santini.
8:47 of 1st period - Stopped by Anton Forsberg without a rebound.
8:48 of 1st period - Lucas Wallmarkk wins face-off versus David Pope in Phantoms zone.
9:13 of 1st period - Wrist shot by Owen Tippet.
9:13 of 1st period - Shot Misses the Net.
9:36 of 1st period - Off-side.
9:37 of 1st period - Cristoval Nieves wins face-off versus Nolan Patrick in neutral zone.
9:48 of 1st period - Wrist shot by Nick Sorensen.
9:48 of 1st period - Shot Blocked by Steven Santini.
10:04 of 1st period - Steven Santini is hit by Rem Pitlick and loses puck.
10:29 of 1st period - Sven Andrighetto is hit by Dryden Hunt and loses puck.
11:22 of 1st period - Ty Smith is hit by Sebastian Collberg and loses puck.
12:15 of 1st period - Wrist shot by Nolan Patrick.
12:15 of 1st period - Shot Misses the Net.
12:27 of 1st period - Wrist shot by David Kampf.
12:27 of 1st period - Goal by David Kampf - Wolfpack : 0 - Phantoms : 1.
12:28 of 1st period - Lucas Wallmarkk wins face-off versus Casey Mittelstadt in neutral zone.
12:34 of 1st period - Minor Penalty to Stefan Noesen for Slashing.
12:35 of 1st period - Sven Andrighetto wins face-off versus Owen Tippet in Wolfpack zone.
12:51 of 1st period - Snap shot by Sven Andrighetto.
12:51 of 1st period - Goal by Sven Andrighetto - Wolfpack : 0 - Phantoms : 2.
12:52 of 1st period - Lucas Wallmarkk wins face-off versus Casey Mittelstadt in neutral zone.
12:55 of 1st period - Wrist shot by Morgan Klimchuk.
12:55 of 1st period - Shot Blocked by Derrick Pouliot.
13:26 of 1st period - Snap shot by Connor Chatam.
13:26 of 1st period - Shot Blocked by Riley Stillman.
13:43 of 1st period - Icing by Alexander Barabanov.
13:44 of 1st period - Nolan Patrick wins face-off versus Lucas Wallmarkk in Wolfpack zone.
13:49 of 1st period - Wrist shot by Lucas Wallmarkk.
13:49 of 1st period - Stopped by Eric Comrie without a rebound.
13:50 of 1st period - Lucas Wallmarkk wins face-off versus Casey Mittelstadt in Wolfpack zone.
13:55 of 1st period - Wrist shot by Morgan Klimchuk.
13:55 of 1st period - Stopped by Eric Comrie without a rebound.
13:56 of 1st period - Casey Mittelstadt wins face-off versus Joe Snively in Wolfpack zone.
13:56 of 1st period - Casey Mittelstadt is hit by Matt Kiersted.
14:01 of 1st period - Minor Penalty to Matt Kiersted for Hooking.
14:02 of 1st period - Casey Mittelstadt wins face-off versus Sven Andrighetto in Phantoms zone.
15:42 of 1st period - Stefan Noesen is hit by Joe Snively.
15:46 of 1st period - Stefan Noesen is hit by Lucas Wallmarkk and loses puck.
16:01 of 1st period - Penalty to Matt Kiersted is over, Matt Kiersted is back on ice.
16:51 of 1st period - Snap shot by Dryden Hunt.
16:51 of 1st period - Stopped by Anton Forsberg with a rebound.
16:53 of 1st period - Snap shot by Dryden Hunt.
16:53 of 1st period - Shot Misses the Net.
17:22 of 1st period - Rem Pitlick is hit by Ryan Culkin and loses puck.
17:30 of 1st period - Icing by Erik Nystrom.
17:31 of 1st period - David Kampf wins face-off versus Jake Marchment in Phantoms zone.
17:40 of 1st period - Slapshot by Matt Kiersted.
17:40 of 1st period - Shot Misses the Net.
18:09 of 1st period - Sven Andrighetto is hit by Steven Santini and loses puck.
18:28 of 1st period - Icing by K'Andre Miller.
18:29 of 1st period - Nolan Patrick wins face-off versus Joe Snively in Wolfpack zone.
18:36 of 1st period - Snap shot by Nolan Patrick.
18:36 of 1st period - Stopped by Anton Forsberg without a rebound.
18:37 of 1st period - Rem Pitlick wins face-off versus Stefan Noesen in Phantoms zone.
18:48 of 1st period - Snap shot by Rem Pitlick.
18:48 of 1st period - Stopped by Eric Comrie without a rebound.
18:49 of 1st period - Casey Mittelstadt wins face-off versus Lucas Wallmarkk in Wolfpack zone.
18:58 of 1st period - Slapshot by David Pope.
18:58 of 1st period - Deflect By Stefan Noesen.
18:58 of 1st period - Shot Misses the Net.
18:58 of 1st period - Puck is out of play.
18:59 of 1st period - Casey Mittelstadt wins face-off versus Lucas Wallmarkk in Phantoms zone.
19:25 of 1st period - Icing by Lucas Wallmarkk.
19:26 of 1st period - Alex Barre-Boulet wins face-off versus Lucas Wallmarkk in Phantoms zone.
19:33 of 1st period - Wrist shot by Lucas Wallmarkk.
19:33 of 1st period - Shot Misses the Net.
19:35 of 1st period - Slapshot by Matt Kiersted.
19:35 of 1st period - Deflect By Lucas Wallmarkk.
19:35 of 1st period - Stopped by Eric Comrie without a rebound.
19:36 of 1st period - Alex Barre-Boulet wins face-off versus Cristoval Nieves in Wolfpack zone.
Goals for this period are 0 for Wolfpack vs 2 for Phantoms.
Shots for this period are 9 for Wolfpack vs 9 for Phantoms.
2nd period
0:01 of 2nd period - Lucas Wallmarkk wins face-off versus Casey Mittelstadt in neutral zone.
0:56 of 2nd period - David Kampf is hit by Dryden Hunt.
1:12 of 2nd period - Wrist shot by Owen Tippet.
1:12 of 2nd period - Stopped by Anton Forsberg without a rebound.
1:13 of 2nd period - Jake Marchment wins face-off versus Cristoval Nieves in Phantoms zone.
1:16 of 2nd period - Snap shot by Owen Tippet.
1:16 of 2nd period - Stopped by Anton Forsberg without a rebound.
1:17 of 2nd period - Lucas Wallmarkk wins face-off versus Casey Mittelstadt in Phantoms zone.
1:26 of 2nd period - Wrist shot by Stefan Noesen.
1:26 of 2nd period - Shot Misses the Net.
1:28 of 2nd period - Slapshot by David Pope.
1:28 of 2nd period - Shot Misses the Net.
1:44 of 2nd period - Nolan Patrick is hit by Rem Pitlick and loses puck.
1:50 of 2nd period - Icing by Colton White.
1:51 of 2nd period - Cristoval Nieves wins face-off versus Nolan Patrick in Wolfpack zone.
2:44 of 2nd period - Snap shot by Nolan Patrick.
2:44 of 2nd period - Shot Misses the Net.
2:46 of 2nd period - Snap shot by Colton White.
2:46 of 2nd period - Shot Blocked by Matt Kiersted.
2:52 of 2nd period - Wrist shot by Sebastian Collberg.
2:52 of 2nd period - Stopped by Anton Forsberg with a rebound.
2:58 of 2nd period - Snap shot by Sebastian Collberg.
2:58 of 2nd period - Shot Misses the Net.
3:00 of 2nd period - Wrist shot by Alexander Barabanov.
3:00 of 2nd period - Shot Blocked by Ty Smith.
3:02 of 2nd period - Snap shot by Alexander Barabanov.
3:02 of 2nd period - Stopped by Anton Forsberg with a rebound.
3:19 of 2nd period - Minor Penalty to Alexander Barabanov for Hooking.
3:20 of 2nd period - Stefan Noesen wins face-off versus Lucas Wallmarkk in Wolfpack zone.
3:32 of 2nd period - Slapshot by David Pope.
3:32 of 2nd period - Stopped by Anton Forsberg without a rebound.
3:33 of 2nd period - Lucas Wallmarkk wins face-off versus Stefan Noesen in Phantoms zone.
3:49 of 2nd period - Minor Penalty to David Pope for Roughing.
3:50 of 2nd period - Stefan Noesen wins face-off versus Lucas Wallmarkk in Wolfpack zone.
4:04 of 2nd period - Stefan Noesen is hit by Matt Kiersted and loses puck.
5:19 of 2nd period - Penalty to Alexander Barabanov is over, Alexander Barabanov is back on ice.
5:35 of 2nd period - Lucas Wallmarkk is hit by Steven Santini and loses puck.
5:49 of 2nd period - Penalty to David Pope is over, David Pope is back on ice.
5:54 of 2nd period - Derrick Pouliot is hit by Cristoval Nieves and loses puck.
6:07 of 2nd period - Slapshot by Derrick Pouliot.
6:07 of 2nd period - Shot Misses the Net.
6:09 of 2nd period - Slapshot by Steven Santini.
6:09 of 2nd period - Shot Misses the Net.
6:11 of 2nd period - Snap shot by Owen Tippet.
6:11 of 2nd period - Stopped by Anton Forsberg without a rebound.
6:12 of 2nd period - Dryden Hunt wins face-off versus David Kampf in Phantoms zone.
6:25 of 2nd period - Wrist shot by Connor Chatam.
6:25 of 2nd period - Stopped by Anton Forsberg with a rebound.
6:27 of 2nd period - Slapshot by Ryan Culkin.
6:27 of 2nd period - Deflect By Connor Chatam.
6:27 of 2nd period - Goal by Connor Chatam - Wolfpack : 1 - Phantoms : 2.
6:28 of 2nd period - Dryden Hunt wins face-off versus Lucas Wallmarkk in neutral zone.
6:28 of 2nd period - Dryden Hunt is hit by Lucas Wallmarkk.
6:36 of 2nd period - Snap shot by Sven Andrighetto.
6:36 of 2nd period - Shot Misses the Net.
6:38 of 2nd period - Slapshot by Riley Stillman.
6:38 of 2nd period - Stopped by Eric Comrie with a rebound.
6:40 of 2nd period - Wrist shot by Morgan Klimchuk.
6:40 of 2nd period - Shot Misses the Net.
6:42 of 2nd period - Slapshot by Riley Stillman.
6:42 of 2nd period - Stopped by Eric Comrie with a rebound.
6:44 of 2nd period - Wrist shot by Victor Berglund.
6:44 of 2nd period - Stopped by Eric Comrie with a rebound.
6:54 of 2nd period - Joe Snively is hit by Stefan Noesen and loses puck.
7:18 of 2nd period - Double Minor Penalty to A.J. Greer for High sticking.
7:19 of 2nd period - Casey Mittelstadt wins face-off versus Sven Andrighetto in Phantoms zone.
7:48 of 2nd period - Victor Berglund is hit by Casey Mittelstadt and loses puck.
8:25 of 2nd period - Slapshot by Derrick Pouliot.
8:25 of 2nd period - Goal by Derrick Pouliot - Wolfpack : 2 - Phantoms : 2.
8:26 of 2nd period - Nolan Patrick wins face-off versus Sven Andrighetto in neutral zone.
8:29 of 2nd period - Sven Andrighetto is hit by Nolan Patrick and loses puck.
10:05 of 2nd period - Snap shot by Josiah Slavin.
10:05 of 2nd period - Shot Misses the Net.
10:25 of 2nd period - Penalty to A.J. Greer is over, A.J. Greer is back on ice.
10:38 of 2nd period - Wrist shot by Sven Andrighetto.
10:38 of 2nd period - Stopped by Eric Comrie with a rebound.
11:24 of 2nd period - David Pope is hit by A.J. Greer.
11:34 of 2nd period - K'Andre Miller is hit by David Kampf and loses puck.
11:44 of 2nd period - Icing by Yegor Korshkov.
11:45 of 2nd period - Jake Marchment wins face-off versus Rem Pitlick in Wolfpack zone.
12:30 of 2nd period - Stefan Noesen is hit by Victor Berglund and loses puck.
13:53 of 2nd period - Matt Kiersted is hit by Alexander Barabanov and loses puck.
14:06 of 2nd period - Slapshot by Ryan Culkin.
14:06 of 2nd period - Stopped by Anton Forsberg with a rebound.
14:08 of 2nd period - Slapshot by Colton White.
14:08 of 2nd period - Stopped by Anton Forsberg without a rebound.
14:09 of 2nd period - Casey Mittelstadt wins face-off versus Joe Snively in Phantoms zone.
14:23 of 2nd period - Minor Penalty to Erik Nystrom for High sticking.
14:24 of 2nd period - Josiah Slavin wins face-off versus Stefan Noesen in Phantoms zone.
15:57 of 2nd period - Alexander Barabanov is hit by Matt Kiersted and loses puck.
15:58 of 2nd period - Alexander Barabanov from Wolfpack is injured at 15:58 of 2nd period (Upper Body).
15:59 of 2nd period - Sven Andrighetto wins face-off versus Casey Mittelstadt in Wolfpack zone.
16:04 of 2nd period - Backhand shot by Sven Andrighetto.
16:04 of 2nd period - Stopped by Eric Comrie with a rebound.
16:06 of 2nd period - Slapshot by Matt Kiersted.
16:06 of 2nd period - Shot Misses the Net.
16:10 of 2nd period - Snap shot by Sven Andrighetto.
16:10 of 2nd period - Stopped by Eric Comrie with a rebound.
16:12 of 2nd period - Snap shot by Sven Andrighetto.
16:12 of 2nd period - Stopped by Eric Comrie without a rebound.
16:13 of 2nd period - Casey Mittelstadt wins face-off versus Sven Andrighetto in Wolfpack zone.
16:23 of 2nd period - Penalty to Erik Nystrom is over, Erik Nystrom is back on ice.
16:26 of 2nd period - Snap shot by David Pope.
16:26 of 2nd period - Stopped by Anton Forsberg without a rebound.
16:27 of 2nd period - Casey Mittelstadt wins face-off versus Lucas Wallmarkk in Phantoms zone.
16:32 of 2nd period - Snap shot by Stefan Noesen.
16:32 of 2nd period - Shot Misses the Net.
16:34 of 2nd period - Slapshot by David Pope.
16:34 of 2nd period - Stopped by Anton Forsberg with a rebound.
16:36 of 2nd period - Wrist shot by Casey Mittelstadt.
16:36 of 2nd period - Shot Misses the Net.
16:38 of 2nd period - Slapshot by Steven Santini.
16:38 of 2nd period - Stopped by Anton Forsberg with a rebound.
16:40 of 2nd period - Slapshot by David Pope.
16:40 of 2nd period - Stopped by Anton Forsberg with a rebound.
16:42 of 2nd period - Slapshot by Steven Santini.
16:42 of 2nd period - Shot Blocked by Morgan Klimchuk.
17:58 of 2nd period - Wrist shot by Lucas Wallmarkk.
17:58 of 2nd period - Stopped by Eric Comrie with a rebound.
18:00 of 2nd period - Slapshot by Ty Smith.
18:00 of 2nd period - Deflect By Lucas Wallmarkk.
18:00 of 2nd period - Shot Misses the Net.
18:00 of 2nd period - Puck is out of play.
18:01 of 2nd period - Casey Mittelstadt wins face-off versus Joe Snively in Wolfpack zone.
18:45 of 2nd period - Slapshot by Rem Pitlick.
18:45 of 2nd period - Stopped by Eric Comrie with a rebound.
19:15 of 2nd period - Wrist shot by Stefan Noesen.
19:15 of 2nd period - Shot Blocked by Ty Smith.
19:17 of 2nd period - Snap shot by Stefan Noesen.
19:17 of 2nd period - Shot Misses the Net.
19:19 of 2nd period - Slapshot by Stefan Noesen.
19:19 of 2nd period - Stopped by Anton Forsberg without a rebound.
19:20 of 2nd period - Lucas Wallmarkk wins face-off versus Casey Mittelstadt in Phantoms zone.
19:20 of 2nd period - Lucas Wallmarkk is hit by Stefan Noesen.
19:26 of 2nd period - Wrist shot by Sven Andrighetto.
19:26 of 2nd period - Shot Misses the Net.
19:28 of 2nd period - Slapshot by Riley Stillman.
19:28 of 2nd period - Shot Blocked by Casey Mittelstadt.
19:30 of 2nd period - Slapshot by Riley Stillman.
19:30 of 2nd period - Stopped by Eric Comrie with a rebound.
19:32 of 2nd period - Wrist shot by Lucas Wallmarkk.
19:32 of 2nd period - Shot Misses the Net.
Goals for this period are 2 for Wolfpack vs 0 for Phantoms.
Shots for this period are 16 for Wolfpack vs 10 for Phantoms.
3rd period
0:01 of 3rd period - Lucas Wallmarkk wins face-off versus Casey Mittelstadt in neutral zone.
0:12 of 3rd period - Wrist shot by Morgan Klimchuk.
0:12 of 3rd period - Shot Misses the Net.
0:14 of 3rd period - Wrist shot by Sven Andrighetto.
0:14 of 3rd period - Shot Misses the Net.
1:24 of 3rd period - Icing by David Kampf.
1:25 of 3rd period - Cristoval Nieves wins face-off versus Stefan Noesen in Phantoms zone.
1:51 of 3rd period - Cristoval Nieves is hit by Jake Marchment.
2:05 of 3rd period - Minor Penalty to Yegor Korshkov for Hooking.
2:06 of 3rd period - Lucas Wallmarkk wins face-off versus Stefan Noesen in Wolfpack zone.
2:11 of 3rd period - Backhand shot by Sven Andrighetto.
2:11 of 3rd period - Stopped by Eric Comrie with a rebound.
2:13 of 3rd period - Snap shot by Sven Andrighetto.
2:13 of 3rd period - Shot Blocked by Steven Santini.
2:15 of 3rd period - Snap shot by Matt Kiersted.
2:15 of 3rd period - Deflect By Stefan Noesen.
2:15 of 3rd period - Stopped by Eric Comrie without a rebound.
2:16 of 3rd period - Stefan Noesen wins face-off versus Morgan Klimchuk in Wolfpack zone.
2:35 of 3rd period - Slapshot by Matt Kiersted.
2:35 of 3rd period - Shot Blocked by David Pope.
2:37 of 3rd period - Snap shot by Morgan Klimchuk.
2:37 of 3rd period - Stopped by Eric Comrie with a rebound.
2:39 of 3rd period - Wrist shot by Morgan Klimchuk.
2:39 of 3rd period - Stopped by Eric Comrie with a rebound.
3:17 of 3rd period - Wrist shot by Rem Pitlick.
3:17 of 3rd period - Stopped by Eric Comrie with a rebound.
3:19 of 3rd period - Slapshot by Victor Berglund.
3:19 of 3rd period - Stopped by Eric Comrie with a rebound.
3:21 of 3rd period - Wrist shot by Joe Snively.
3:21 of 3rd period - Stopped by Eric Comrie without a rebound.
3:22 of 3rd period - Joe Snively wins face-off versus Owen Tippet in Wolfpack zone.
4:05 of 3rd period - Penalty to Yegor Korshkov is over, Yegor Korshkov is back on ice.
4:15 of 3rd period - Slapshot by David Pope.
4:15 of 3rd period - Shot Hit the Post.
4:17 of 3rd period - Snap shot by Yegor Korshkov.
4:17 of 3rd period - Stopped by Anton Forsberg with a rebound.
4:19 of 3rd period - Snap shot by Stefan Noesen.
4:19 of 3rd period - Stopped by Anton Forsberg with a rebound.
4:39 of 3rd period - Victor Berglund is hit by Derrick Pouliot and loses puck.
4:46 of 3rd period - Snap shot by Stefan Noesen.
4:46 of 3rd period - Shot Blocked by Victor Berglund.
4:48 of 3rd period - Slapshot by Ryan Culkin.
4:48 of 3rd period - Stopped by Anton Forsberg without a rebound.
4:49 of 3rd period - Lucas Wallmarkk wins face-off versus Nolan Patrick in Phantoms zone.
5:05 of 3rd period - Derrick Pouliot is hit by Lucas Wallmarkk and loses puck.
5:42 of 3rd period - Jake Marchment is hit by A.J. Greer and loses puck.
6:36 of 3rd period - Colton White is hit by Riley Stillman and loses puck.
7:20 of 3rd period - Dryden Hunt is hit by Joe Snively and loses puck.
7:49 of 3rd period - K'Andre Miller is hit by A.J. Greer and loses puck.
8:42 of 3rd period - Jake Marchment is hit by A.J. Greer.
8:52 of 3rd period - Steven Santini is hit by David Kampf.
8:56 of 3rd period - Steven Santini is hit by Brett Murray and loses puck.
9:07 of 3rd period - David Pope is hit by Victor Berglund and loses puck.
9:33 of 3rd period - Owen Tippet is hit by A.J. Greer.
10:04 of 3rd period - Icing by Colton White.
10:05 of 3rd period - Lucas Wallmarkk wins face-off versus Nolan Patrick in Wolfpack zone.
10:06 of 3rd period - Snap shot by Morgan Klimchuk.
10:06 of 3rd period - Stopped by Eric Comrie with a rebound.
10:30 of 3rd period - Jake Marchment is hit by Matt Kiersted and loses puck.
10:52 of 3rd period - Icing by Anthony Angello.
10:53 of 3rd period - Nolan Patrick wins face-off versus David Kampf in Phantoms zone.
10:54 of 3rd period - Snap shot by Sebastian Collberg.
10:54 of 3rd period - Shot Misses the Net.
10:56 of 3rd period - Slapshot by Ryan Culkin.
10:56 of 3rd period - Stopped by Anton Forsberg without a rebound.
10:57 of 3rd period - Nolan Patrick wins face-off versus Lucas Wallmarkk in Phantoms zone.
11:20 of 3rd period - Lucas Wallmarkk is hit by Ryan Culkin and loses puck.
11:39 of 3rd period - Riley Stillman is hit by Dryden Hunt and loses puck.
12:09 of 3rd period - Slapshot by Lucas Wallmarkk.
12:09 of 3rd period - Deflect By Morgan Klimchuk.
12:09 of 3rd period - Shot Misses the Net.
12:09 of 3rd period - Puck is out of play.
12:10 of 3rd period - Stefan Noesen wins face-off versus Joe Snively in Wolfpack zone.
13:11 of 3rd period - Owen Tippet is hit by Joe Snively and loses puck.
13:23 of 3rd period - Off-side.
13:24 of 3rd period - Casey Mittelstadt wins face-off versus Cristoval Nieves in neutral zone.
13:54 of 3rd period - Wrist shot by Connor Chatam.
13:54 of 3rd period - Shot Misses the Net.
13:56 of 3rd period - Slapshot by Cale Fleury.
13:56 of 3rd period - Deflect By Dryden Hunt.
13:56 of 3rd period - Stopped by Anton Forsberg with a rebound.
13:58 of 3rd period - Slapshot by Derrick Pouliot.
13:58 of 3rd period - Shot Misses the Net.
14:00 of 3rd period - Snap shot by Alex Barre-Boulet.
14:00 of 3rd period - Shot Misses the Net.
14:02 of 3rd period - Slapshot by Derrick Pouliot.
14:02 of 3rd period - Stopped by Anton Forsberg with a rebound.
14:04 of 3rd period - Snap shot by Connor Chatam.
14:04 of 3rd period - Shot Blocked by Cristoval Nieves.
14:14 of 3rd period - Snap shot by Sebastian Collberg.
14:14 of 3rd period - Shot Misses the Net.
14:22 of 3rd period - Icing by Sven Andrighetto.
14:23 of 3rd period - Casey Mittelstadt wins face-off versus Lucas Wallmarkk in Phantoms zone.
15:19 of 3rd period - Wrist shot by Lucas Wallmarkk.
15:19 of 3rd period - Stopped by Eric Comrie without a rebound.
15:20 of 3rd period - Alex Barre-Boulet wins face-off versus Cristoval Nieves in Wolfpack zone.
15:22 of 3rd period - Minor Penalty to Ryan Culkin for Hooking.
15:23 of 3rd period - Joe Snively wins face-off versus Stefan Noesen in Wolfpack zone.
15:25 of 3rd period - Snap shot by Rem Pitlick.
15:25 of 3rd period - Shot Blocked by Derrick Pouliot.
15:37 of 3rd period - Steven Santini is hit by Ty Smith and loses puck.
16:03 of 3rd period - Icing by Rem Pitlick.
16:04 of 3rd period - Owen Tippet wins face-off versus Joe Snively in Phantoms zone.
16:11 of 3rd period - Owen Tippet is hit by Erik Nystrom and loses puck.
16:26 of 3rd period - Snap shot by Rem Pitlick.
16:26 of 3rd period - Stopped by Eric Comrie without a rebound.
16:27 of 3rd period - Lucas Wallmarkk wins face-off versus Stefan Noesen in Wolfpack zone.
16:40 of 3rd period - Stefan Noesen is hit by Matt Kiersted and loses puck.
17:22 of 3rd period - Penalty to Ryan Culkin is over, Ryan Culkin is back on ice.
17:38 of 3rd period - Nick Sorensen is hit by K'Andre Miller and loses puck.
17:48 of 3rd period - Icing by David Kampf.
17:49 of 3rd period - David Kampf wins face-off versus Nolan Patrick in Phantoms zone.
18:28 of 3rd period - Icing by Morgan Klimchuk.
18:29 of 3rd period - Owen Tippet wins face-off versus David Kampf in Phantoms zone.
18:45 of 3rd period - Wrist shot by David Kampf.
18:45 of 3rd period - Goal by David Kampf - Wolfpack : 2 - Phantoms : 3.
18:46 of 3rd period - Lucas Wallmarkk wins face-off versus Casey Mittelstadt in neutral zone.
18:49 of 3rd period - Wrist shot by Morgan Klimchuk.
18:49 of 3rd period - Stopped by Eric Comrie without a rebound.
18:50 of 3rd period - Jack Capuano call a timeout for Wolfpack.
18:50 of 3rd period - Lucas Wallmarkk wins face-off versus Casey Mittelstadt in Wolfpack zone.
18:53 of 3rd period - Wrist shot by Sven Andrighetto.
18:53 of 3rd period - Stopped by Eric Comrie without a rebound.
18:54 of 3rd period - Lucas Wallmarkk wins face-off versus Casey Mittelstadt in Wolfpack zone.
19:19 of 3rd period - Wolfpack, Eric Comrie is pulled from the net.
19:43 of 3rd period - Slapshot by Sven Andrighetto.
19:43 of 3rd period - Shot Misses the Net.
19:45 of 3rd period - Snap shot by Matt Kiersted.
19:45 of 3rd period - Shot Blocked by Derrick Pouliot.
19:47 of 3rd period - Slapshot by Sven Andrighetto.
19:47 of 3rd period - Shot Misses the Net.
Goals for this period are 0 for Wolfpack vs 1 for Phantoms.
Shots for this period are 6 for Wolfpack vs 13 for Phantoms.